 Dungeon Crawl Stone Soup version 0.23.0 (webtiles) character file.

Game seed: 12411342542425982552

2102 Apachew the Cleaver (level 9, -3/70 HPs)
             Began as a Hill Orc Fighter on Feb 9, 2019.
             Was a Believer of Nemelex Xobeh.
             Slain by Harold
             ... wielding a +0 dire flail
              (14 damage)
             ... on level 7 of the Dungeon.
             The game lasted 00:14:05 (5811 turns).

Apachew the Cleaver (Hill Orc Fighter)              Turns: 5811, Time: 00:14:06

Health: -3/70      AC: 13    Str: 22    XL:     9   Next: 28%
Magic:  14/15      EV:  5    Int:  8    God:    Nemelex Xobeh [**....]
Gold:   266        SH:  0    Dex: 10    Spells: 8/8 levels left

rFire    . . .     SeeInvis .   a - +0 war axe
rCold    . . .     Gourm    .   (no shield)
rNeg     . . .     Faith    .   b - +0 scale mail
rPois    .         Spirit   .   B - +2 hat
rElec    .         Reflect  .   q - +2 cloak
rCorr    +         Harm     .   i - +0 pair of gloves
MR       .....                  (no boots)
Stlth    ..........             (no amulet)
HPRegen  0.21/turn              o - ring of resist corrosion
MPRegen  0.14/turn              t - ring of flight

@: held
A: no striking features
a: Draw Escape, Draw Destruction, Draw Summoning, Renounce Religion, Evoke
Flight


You were on level 7 of the Dungeon.
You worshipped Nemelex Xobeh.
Nemelex Xobeh was pleased with you.
You were near starving.

You visited 1 branch of the dungeon, and saw 7 of its levels.

You collected 266 gold pieces.

Inventory:

Hand Weapons
 a - a +0 war axe (weapon)
 w - a +0 broad axe
Armour
 b - a +0 scale mail (worn)
 c - a +0 shield
 i - a +0 pair of gloves (worn)
 q - a +2 cloak (worn)
 B - a +2 hat (worn)
Jewellery
 o - a ring of resist corrosion (left hand)
 t - a ring of flight (right hand)
 y - an uncursed ring of ice {unknown}
Wands
 m - a wand of disintegration (15)
 r - a wand of random effects (26)
 v - a wand of paralysis (10)
Scrolls
 e - 3 scrolls of teleportation {unknown}
 g - 2 scrolls of noise {unknown}
 h - 2 scrolls of remove curse {unknown}
 j - 5 scrolls of identify {unknown}
 k - a scroll of enchant armour {unknown}
 l - 4 scrolls of blinking {unknown}
 p - 3 scrolls of amnesia {unknown}
 s - 2 scrolls of fog {unknown}
 z - 2 scrolls of immolation {unknown}
Potions
 d - 2 potions of might
 n - 5 potions of curing {unknown}
 u - 2 potions of brilliance {unknown}
 x - a potion of heal wounds {unknown}
 A - 2 potions of mutation {unknown}
 C - a potion of agility {unknown}
Comestibles
 f - 9 rations


   Skills:
 - Level 3.6 Fighting
 * Level 13.0 Axes
 - Level 3.2 Armour
 - Level 3.2 Shields
 + Level 8.1 Invocations


You had 8 spell levels left.
You didn't know any spells.
Your spell library was empty.

Dungeon Overview and Level Annotations

Branches:
Dungeon (7/15)
 Temple: D:4-7

Altars:
Ashenzari
Cheibriados
Elyvilon
Gozag
Hepliaklqana
Kikubaaqudgha
Nemelex Xobeh
Trog
Vehumet
Xom
Yredelemnul
The Shining One

Annotations:
D:7 Harold


Message History

The electrical discharge engulfs the crimson imp!
You kill the crimson imp!
The electrical discharge engulfs the orc!!!
You kill the orc!
The electrical discharge engulfs the gnoll!!
You kill the gnoll!
The electrical discharge engulfs Harold!
Harold is severely wounded.
Your Axes skill increases to level 13!
Your Invocations skill increases to level 8!
You feel a bit more experienced.
You hear violent peals of thunder!
You hear a shout! x4
Unknown command.
Unknown command.
You struggle against the net.
Harold hits you with a +0 dire flail.
You struggle against the net.
Harold hits you with a +0 dire flail!
* * * LOW HITPOINT WARNING * * *
You struggle against the net.
Harold hits you with a +0 dire flail!
You die...
Your body disappears without a glow.

#.###@.#####.#
#......).....#
##...(<.##...)
#...##.#.# .
...###).#.# ##
##.(##.# #..##
.. #@## ## #@#
#.# ..# ..##
$.# #.. ...
#.#


You could see Harold.

Vanquished Creatures
  Prince Ribbit (D:7)
  An orc warrior (D:6)
  3 ice beasts
  2 sky beasts (D:5)
  A phantom (D:4)
  2 ogres
  2 centaurs (D:6)
  A bullfrog (D:6)
  A gnoll sergeant (D:7)
  2 crimson imps
  A centaur skeleton (D:5)
  3 hounds
  2 orc priests (D:5)
  3 orc wizards
  4 worker ants
  An iguana (D:4)
  11 gnolls
  7 adders
  2 shadow imps
  An ooze (D:2)
  An adder zombie (D:6)
  4 dart slugs
  3 leopard geckos
  14 orcs
  5 bats
  7 giant cockroaches
  9 goblins
  5 hobgoblins
  A quokka (D:4)
  7 frilled lizards
  4 kobolds
  A quokka skeleton (D:4)
  A quokka zombie (D:5)
  A rat (D:2)
114 creatures vanquished.

Vanquished Creatures (collateral kills)
  Menkaure (D:6)
  A jelly (D:6)
2 creatures vanquished.

Grand Total: 116 creatures vanquished

Notes
Turn   | Place    | Note
-------+----------+-------------------------------------------
     0 | D:1      | Apachew the Hill Orc Fighter began the quest for the Orb.
     0 | D:1      | Reached XP level 1. HP: 19/19 MP: 1/1
    44 | D:1      | Noticed a troll
    51 | D:1      | Reached skill level 3 in Axes
   199 | D:1      | Reached XP level 2. HP: 22/26 MP: 2/2
   280 | D:1      | Reached skill level 4 in Axes
   981 | D:2      | Reached XP level 3. HP: 27/31 MP: 3/3
  1129 | D:2      | Reached skill level 5 in Axes
  1397 | D:2      | Found a radiant altar of Vehumet.
  1399 | D:2      | Found a shimmering altar of Xom.
  1399 | D:2      | Found a bloodstained altar of Trog.
  1405 | D:2      | Found an ancient bone altar of Kikubaaqudgha.
  1405 | D:2      | Found a glowing golden altar of the Shining One.
  1405 | D:2      | Found a white marble altar of Elyvilon.
  1408 | D:2      | Reached XP level 4. HP: 39/39 MP: 4/4
  1499 | D:2      | Found a sparkling altar of Nemelex Xobeh.
  1500 | D:2      | Found an opulent altar of Gozag.
  1505 | D:2      | Became a worshipper of Nemelex Xobeh the Trickster
  1632 | D:3      | Received a gift from Nemelex Xobeh
  1639 | D:3      | Reached skill level 6 in Axes
  2179 | D:3      | Reached XP level 5. HP: 13/45 MP: 5/5
  2440 | D:3      | Found a snail-covered altar of Cheibriados.
  2443 | D:3      | Found a shattered altar of Ashenzari.
  2446 | D:3      | Found a hazy altar of Hepliaklqana.
  2525 | D:3      | Found a bloodstained altar of Trog.
  2541 | D:3      | Reached skill level 7 in Axes
  2552 | D:3      | Reached skill level 1 in Invocations
  2713 | D:4      | Reached XP level 6. HP: 42/51 MP: 7/7
  2798 | D:4      | Found an ancient bone altar of Kikubaaqudgha.
  2807 | D:4      | Reached skill level 8 in Axes
  2953 | D:4      | Noticed a phantom
  3254 | D:4      | Received a gift from Nemelex Xobeh
  3282 | D:4      | Killed a phantom
  3282 | D:4      | Reached skill level 9 in Axes
  3282 | D:4      | Reached XP level 7. HP: 56/57 MP: 9/9
  3294 | D:4      | Reached * piety under Nemelex Xobeh
  3617 | D:5      | Entered Level 5 of the Dungeon
  3731 | D:5      | Reached skill level 10 in Axes
  3737 | D:5      | Reached skill level 5 in Invocations
  3794 | D:5      | Reached XP level 8. HP: 14/64 MP: 11/11
  4162 | D:5      | Reached skill level 11 in Axes
  4792 | D:6      | Received a gift from Nemelex Xobeh
  4831 | D:6      | Reached ** piety under Nemelex Xobeh
  4890 | D:6      | Reached skill level 12 in Axes
  5045 | D:6      | Found a basalt altar of Yredelemnul.
  5134 | D:6      | Found a white marble altar of Elyvilon.
  5348 | D:6      | Noticed Menkaure
  5364 | D:6      | Killed Menkaure
  5364 | D:6      | Reached XP level 9. HP: 5/70 MP: 14/14
  5780 | D:7      | Noticed Harold
  5804 | D:7      | Noticed Prince Ribbit
  5808 | D:7      | Killed Prince Ribbit
  5808 | D:7      | Reached skill level 13 in Axes
  5811 | D:7      | Slain by Harold

Skill      XL: |  1  2  3  4  5  6  7  8  9 |
---------------+----------------------------+-----
Axes           | 3 4 5 6 7 9 10 12 13 | 13.0
Invocations    | 2 3 5 7 8 |  8.1
Fighting       | |  3.6
Armour         | |  3.2
Shields        | |  3.2

Action                   |  1- 3 |  4- 6 |  7- 9 || total
-------------------------+-------+-------+-------++-------
Melee: War axe           |   105 |   151 |   140 ||   396
 Abil: Draw Destruction  |       |     1 |     8 ||     9
       Draw Summoning    |       |       |     2 ||     2
       Draw Escape       |       |       |     1 ||     1
  Eat: Chunk             |     1 |     6 |     7 ||    14
Armor: Scale mail        |    50 |    78 |    93 ||   221
Dodge: Dodged            |    50 |    97 |    53 ||   200
